 Dungeon Crawl Stone Soup version 0.26-a0-259-g1effd001a9 (webtiles) character file.

Game seed: 17329566184373006944

77819 Goblin1989 the Grappler (level 15, -2/146 HPs)
             Began as a Troll Brigand on July 15, 2020.
             Was a High Priest of Sif Muna.
             Slain by Frances
             ... wielding a +0 short sword
              (7 damage)
             ... on level 14 of the Dungeon.
             The game lasted 01:16:38 (22766 turns).

Goblin1989 the Grappler (Troll Brigand)            Turns: 22766, Time: 01:16:39

Health: -2/146     AC:  8    Str: 29    XL:     15   Next: 16%
Magic:  18/18      EV: 13    Int: 18    God:    Sif Muna [*****.]
Gold:   966        SH: 17    Dex: 11    Spells: 10/20 levels left

rFire    . . .     SeeInvis .     - Unarmed
rCold    . . .     Faith    .   q - +0 kite shield
rNeg     . . .     Spirit   .   J - +4 troll leather armour
rPois    .         Reflect  +   L - +2 hat {MR+}
rElec    .         Harm     .   M - +1 cloak
rCorr    .                      (gloves unavailable)
MR       ++...                  (boots unavailable)
Stlth    ++........             T - amulet of reflection
HPRegen  1.14/turn              v - +6 ring of strength
MPRegen  0.16/turn              I - +6 ring of intelligence

@: mighty, corroded
A: large, unfitting armour, claws 3, fast metabolism 1, regeneration 1, shaggy
fur 1, tough skin 3
a: Channel Magic, Forget Spell, Divine Exegesis, Renounce Religion


You were on level 14 of the Dungeon.
You worshipped Sif Muna.
Sif Muna was extremely pleased with you.
You were not hungry.

You visited 4 branches of the dungeon, and saw 23 of its levels.
You also visited: Ossuary and Gauntlet.

You collected 1670 gold pieces.
You spent 704 gold pieces at shops.

Inventory:

Hand Weapons
 t - the +1 hunting sling of Okawaru's Wrath {freeze, Str+2 Int+7}
   (You found it on level 11 of the Dungeon)

   It causes projectiles fired from it to freeze those they strike, causing
   extra injury to most foes and up to half again as much damage against
   particularly susceptible opponents.
   They can also slow down cold-blooded creatures.
   It affects your strength (+2).
   It affects your intelligence (+7).
 z - a +0 short sword of distortion {!w}
Missiles
 b - 5 large rocks {!d, @Q4}
 f - 4 curare-tipped darts (quivered)
 u - 36 javelins {@Q2}
 N - 11 atropa-tipped darts
 U - 333 arrows
 Z - 2 throwing nets {!d , @Q1}
Armour
 n - a scarf of repulsion
 q - a +0 kite shield (worn)
 J - a +4 troll leather armour (worn)
 L - a +2 hat of magic resistance (worn)
 M - a +1 cloak (worn)
 V - a +1 robe of resistance
Magical Staves
 a - an uncursed staff of wizardry {!a}
Jewellery
 g - an uncursed ring of resist corrosion
 l - an uncursed ring of flight
 s - an uncursed ring of see invisible
 v - a +6 ring of strength (left claw)
 F - an uncursed ring of ice
 I - a +6 ring of intelligence (right claw)
 T - an amulet of reflection (around neck)
Wands
 k - a wand of flame (25) {@v6}
 E - a wand of paralysis (6) {@v7}
 S - a wand of digging (7) {@v1}
 X - a wand of acid (1) {@v2}
Scrolls
 m - 6 scrolls of remove curse {@r3}
 x - 7 scrolls of teleportation {!r, @r2}
 A - a scroll of vulnerability
 B - 9 scrolls of amnesia
 D - a scroll of fear
 O - 3 scrolls of silence {unknown}
 P - 4 scrolls of acquirement {unknown}
 R - 2 scrolls of brand weapon {unknown}
 Y - 4 scrolls of enchant weapon
Potions
 c - a potion of invisibility
 h - 2 potions of berserk rage
 i - 4 potions of magic
 o - 3 potions of ambrosia
 p - 2 potions of stabbing
 r - 14 potions of curing {@q1}
 w - 2 potions of haste
 C - a potion of resistance {@q6}
 H - 2 potions of lignification
 K - 4 potions of flight
 Q - 2 potions of heal wounds {@q2}
 W - 2 potions of mutation {!q}
Miscellaneous
 j - a phial of floods
 y - 2 boxes of beasts
 G - a phantom mirror
Comestibles
 e - 36 rations


   Skills:
 + Level 9.0 Fighting
 - Level 1.5 Short Blades
 * Level 4.2 Throwing
 + Level 9.0 Dodging
 - Level 2.2 Stealth
 + Level 8.9 Shields
 - Level 14.0 Unarmed Combat
 - Level 3.0 Spellcasting
 - Level 5.0 Necromancy
 - Level 6.0 Transmutations
 - Level 6.0 Ice Magic
 + Level 4.1 Invocations


You had 10 spell levels left.
You knew the following spells:

 Your Spells              Type           Power        Failure   Level
a - Ice Form              Ice/Tmut       ###.....     16%         4
b - Sticks to Snakes      Tmut           ###.....     2%          2
E - Animate Dead          Necr           ###.......   24%         4

Your spell library contained the following spells:

 Spells                   Type           Power        Failure   Level
 Beastly Appendage        Tmut           ###...       1%          1
 Freeze                   Ice            ###.         1%          1
 Frozen Ramparts          Ice            ###...       4%          3
 Passwall                 Tmut/Erth      ##......     9%          2
 Ozocubu's Armour         Chrm/Ice       ##......     16%         3
 Spider Form              Tmut/Pois      ##........   16%         3
 Corona                   Hex            #......      19%         1
 Infusion                 Chrm           #...         19%         1
 Magic Dart               Conj           #...         19%         1
 Summon Butterflies       Summ           #.......     19%         1
 Ignite Poison            Fire/Tmut/Pois #.......     24%         3
 Blink                    Tloc           N/A          28%         2
 Call Imp                 Summ           #.......     28%         2
 Poisonous Vapours        Pois/Air       #.....       28%         2
 Searing Ray              Conj           #.....       28%         2
 Slow                     Hex            #.......     28%         2
 Song of Slaying          Chrm           #.......     28%         2
 Swiftness                Chrm/Air       #.......     28%         2
 Blade Hands              Tmut           ###.......   41%         5
 Summon Ice Beast         Ice/Summ       ##......     47%         4
 Call Canine Familiar     Summ           #.......     50%         3
 Confusing Touch          Hex            #.......     50%         3
 Conjure Flame            Conj/Fire      #.......     50%         3
 Dazzling Flash           Conj/Hex       #.....       50%         3
 Mephitic Cloud           Conj/Pois/Air  #.......     50%         3
 Recall                   Summ/Tloc      N/A          50%         3
 Stone Arrow              Conj/Erth      #.....       50%         3
 Alistair's Intoxication  Tmut/Pois      ##......     83%         5
 Cause Fear               Hex            #.........   88%         4
 Fulminant Prism          Conj/Hex       #.........   88%         4
 Iskenderun's Mystic Bla  Conj/Tloc      #.......     88%         4
 Borgnjor's Vile Clutch   Necr/Erth      ##........   88%         5
 Excruciating Wounds      Chrm/Necr      ##........   88%         5
 Simulacrum               Ice/Necr       ###.......   96%         6
 Death Channel            Necr           ###.......   98%         6
 Aura of Abjuration       Summ           #.........   99%         5
 Lightning Bolt           Conj/Air       #.........   99%         5
 Summon Forest            Summ/Tloc      #.........   99%         5
 Summon Mana Viper        Hex/Summ       #.......     99%         5
 Freezing Cloud           Conj/Ice/Air   #.........   100%        6
 Invisibility             Hex            #.......     100%        6
 Malign Gateway           Summ/Tloc      #.........   100%        7
 Ring of Flames           Chrm/Fire      #.........   100%        7


Dungeon Overview and Level Annotations

Branches:
Dungeon (14/15)            Temple (1/1) D:6            Lair (6/6) D:11
  Swamp (0/4) Lair:2        Snake (0/4) Lair:3        Slime (0/5) Lair:6
    Orc (2/2) D:11            Elf (0/3) Orc:2        Vaults (0/5) D:13
Ossuary (visited)         Gauntlet (visited)

Altars:
Ashenzari
Cheibriados
Dithmenos
Elyvilon
Fedhas
Makhleb
Nemelex Xobeh
Okawaru
Qazlal
Ru
Sif Muna
Trog
Uskayaw
Zin
The Shining One

Shops:
D:5 ?   D:8 *   D:9 *   D:14 *   Orc:2 *=[*

Portals:
Trove: D:12 (give 2 scrolls of acquirement)

Annotations:
D:14 Frances
Lair:3 1 exclusion


Innate Abilities, Weirdness & Mutations

You are too large for most types of armour.
You have claws for hands.
You have a fast metabolism.
Your natural rate of healing is unusually fast.
You are covered in fur. (AC +1)
You have extremely tough skin. (AC +3)


Message History

No target in view!
No target in view!
No target in view!
No target in view!
No target in view!
No target in view!
No target in view!
No target in view!
No target in view!
No target in view!
No target in view!
No target in view!
No target in view!
No target in view!
No target in view!
Found a stone staircase leading down.
No target in view!
x - 7 scrolls of teleportation {!r, @r2} (gained 1)
Found a stone staircase leading up.
There is a stone staircase leading up here.
Found a robe.
Found Higenel's Assorted Antiques.
You see here a robe.
There is an entrance to Higenel's Assorted Antiques here.
You can access your shopping list by pressing '$'.
There is an entrance to Higenel's Assorted Antiques here.
Frances, Duchess of Pandemonium comes into view.
She is wielding a +0 short sword and wearing a +0 scale mail of poison resistance.
Frances shouts!
Frances screams a word of power!
The iron shot misses you.
Frances chants phrases taken from a devil's mouth.
The iron shot misses you.
Frances chants phrases taken from a devil's mouth.
You feel very mighty all of a sudden.
Frances screams a word of power!
The ynoxinul completely misses you.
You scratch the orange demon.
The orange demon is lightly wounded.
Frances mutters in a terrible tongue.
You block the ynoxinul's attack. The orange demon stings you.
You block the orange demon's attack.
Frances whispers indecipherable words.
The shard of ice hits you!! The rust devil barely misses you.
You take 21 damage, and have 125/146 hp.
You claw Frances!
Frances is lightly wounded.
The ynoxinul closely misses you. You block the orange demon's attack.
The orange demon hits you but does no damage.
Frances mutters in a terrible tongue.
The iron shot hits you!
You take 16 damage, and have 109/146 hp.
You mangle Frances!!
Frances is moderately wounded.
The rust devil hits you. The rust devil corrodes you!
The orange demon stings you. You block the orange demon's attack.
The ynoxinul hits you!
You take 11 damage, and have 98/146 hp.
You mangle Frances!!
Frances is heavily wounded.
Frances whispers indecipherable words.
The shard of ice hits you!! You block the rust devil's attack.
The orange demon barely misses you. You block the orange demon's attack.
The ynoxinul barely misses you.
You take 27 damage, and have 71/146 hp.
You scratch Frances.
Frances is heavily wounded.
Frances hits you with a +0 short sword.
You take 2 damage, and have 69/146 hp.
You closely miss Frances.
Frances is heavily wounded.
The rust devil hits you. The rust devil corrodes you!
The ynoxinul hits you but does no damage.
The orange demon completely misses you. You block the orange demon's attack.
Frances hits you but does no damage.
You mangle Frances!!
Frances is severely wounded.
The rust devil hits you. The rust devil corrodes you!
The orange demon barely misses you.
The orange demon hits you but does no damage.
You block the ynoxinul's attack.
You claw Frances!
Frances is severely wounded.
Frances barely misses you. You block the rust devil's attack.
You block the orange demon's attack. x2; The ynoxinul hits you!
* * * LOW HITPOINT WARNING * * *
You take 9 damage, and have 62/146 hp.
You mangle Frances!!
Frances is almost dead.
Frances whispers indecipherable words.
The shard of ice hits you!!!
* * * LOW HITPOINT WARNING * * *
You block the rust devil's attack.
You take 39 damage, and have 23/146 hp.
MASSIVE DAMAGE!!
You closely miss Frances.
Frances is almost dead.
The ynoxinul gestures at you. The iron shot hits you!!
* * * LOW HITPOINT WARNING * * *
You block the orange demon's attack. The orange demon closely misses you.
Frances hits you with a +0 short sword!
You die...

█.....█..
███████....██..
█..█.█....██...
........██████. █
█.......██ █... ██.
███........███...
██..██..........██....
█...@4................
█.4@................
██.3.....█..........
█████.....█..........
█...████.............
█.....██............█
██..........██.>.....
█...........█.......
██..................
██..∩[..............


You could see Frances, an orange demon (summoned), a rust devil (summoned) and a
ynoxinul (summoned).

Vanquished Creatures
  Rupert (D:12)
  Gastronok (Lair:2)
  An ironheart preserver (D:13)
  A minotaur (Gauntlet)
  A vault guard (D:12)
  Harold (Lair:1)
  5 hydras
  Fannar (D:11)
  2 centaur warriors (D:13)
  7 two-headed ogres
  A tengu warrior (D:13)
  13 death yaks
  5 orc high priests (Orc:2)
  Urug (Lair:6)
  Sonja (Lair:6)
  Nergalle (D:11)
  10 skeletal warriors
  An unseen horror (D:10)
  Pikel (D:9)
  9 orc knights
  An orc sorcerer (Orc:1)
  2 deep elf magi
  2 manticores
  5 ugly things
  A cyclops (D:14)
  3 black mambas
  2 gargoyles
  6 cane toads
  A kobold demonologist (D:13)
  2 rime drakes
  5 trolls
  2 komodo dragons
  A queen bee (Lair:3)
  A polar bear (shapeshifter) (D:12)
  A hornet (D:12)
  3 meliai (Gauntlet)
  12 blink frogs
  5 slime creatures (D:13)
  A bog body (Lair:2)
  12 hippogriffs
  3 wyverns
  27 yaks
  A vampire (D:13)
  4 basilisks
  2 wraiths
  4 small abominations (Gauntlet)
  A human (D:8)
  4 vampire mosquitoes
  3 nagas (Lair:3)
  A swamp worm (Lair:2)
  A soldier ant (D:12)
  Edmund (D:4)
  2 large abominations (Gauntlet)
  5 porcupines
  11 water moccasins
  An ice beast (D:9)
  28 orc warriors
  2 sky beasts
  2 hornet zombies
  2 black bears (D:7)
  4 phantoms
  10 ogres
  7 centaurs
  9 wolves (Lair:4)
  13 crocodiles
  3 big kobolds
  15 bullfrogs
  A wyvern skeleton (D:13)
  4 scorpions
  27 killer bees
  An electric eel (Lair:2)
  8 howler monkeys
  A centaur zombie (D:8)
  2 quasits
  4 hounds
  A bullfrog zombie (D:8)
  3 jellies
  25 orc priests
  2 centaur skeletons
  3 iguanas
  Natasha (thrice) (D:2)
  2 hell rats (D:11)
  6 worker ants
  12 orc wizards
  3 mummies (Ossuary)
  A hound skeleton (D:4)
  Robin (D:2)
  6 gnolls
  9 adders
  A howler monkey skeleton (D:8)
  2 river rats (D:11)
  3 shadow imps
  3 white imps
  3 ufetubi
  2 adder zombies (Ossuary)
  2 worms
  4 dart slugs
  5 leopard geckos
  63 orcs
  3 ball pythons
  5 giant cockroaches
  A gnoll zombie (Ossuary)
  13 goblins
  11 hobgoblins
  20 kobolds
  6 quokkas
  A ball python zombie (D:5)
  10 bats
  6 frilled lizards
  3 goblin zombies (Ossuary)
  3 hobgoblin zombies (Ossuary)
  A jackal zombie (D:6)
  3 kobold zombies (Ossuary)
  A leopard gecko skeleton (D:5)
  A leopard gecko zombie (D:6)
  An orc zombie (Ossuary)
  A quokka zombie (Ossuary)
  10 rats
  4 rat zombies (Ossuary)
615 creatures vanquished.

Vanquished Creatures (collateral kills)
  An orc (Orc:2)
1 creature vanquished.

Vanquished Creatures (others)
  7 fungi
  11 plants
18 creatures vanquished.

Grand Total: 634 creatures vanquished

Notes
Turn   | Place    | Note
-------+----------+-------------------------------------------
     0 | D:1      | Goblin1989 the Troll Brigand began the quest for the Orb.
     0 | D:1      | Reached XP level 1. HP: 19/19 MP: 0/0
   349 | D:1      | Reached XP level 2. HP: 20/28 MP: 1/1
   522 | D:1      | Reached skill level 1 in Dodging
   522 | D:1      | Reached skill level 1 in Unarmed Combat
   755 | D:2      | Reached XP level 3. HP: 31/35 MP: 2/2
   885 | D:2      | Noticed Robin
   920 | D:2      | Killed Robin
   920 | D:2      | Reached XP level 4. HP: 41/42 MP: 3/3
   951 | D:2      | Reached skill level 2 in Unarmed Combat
   993 | D:2      | Reached skill level 1 in Shields
  1020 | D:2      | Found a burning altar of Makhleb.
  1144 | D:2      | Noticed Natasha
  1159 | D:2      | Killed Natasha
  1235 | D:2      | Found a shattered altar of Ashenzari.
  1285 | D:2      | Noticed Natasha
  1295 | D:2      | Killed Natasha
  1295 | D:2      | Reached XP level 5. HP: 45/49 MP: 4/4
  1304 | D:2      | Noticed Natasha
  1310 | D:2      | Killed Natasha
  1690 | D:3      | Found Zin's Purification Station.
  1691 | D:3      | Found a glowing silver altar of Zin.
  1699 | D:3      | Bought a potion of curing for 90 gold pieces
  1842 | D:3      | Reached skill level 3 in Unarmed Combat
  2612 | D:4      | Reached XP level 6. HP: 49/59 MP: 5/5
  2698 | D:4      | Found a sacrificial altar of Ru.
  3021 | D:4      | Reached skill level 4 in Unarmed Combat
  3111 | D:4      | Noticed Edmund
  3128 | D:4      | Killed Edmund
  3128 | D:4      | Reached XP level 7. HP: 63/66 MP: 6/6
  3242 | D:5      | Entered Level 5 of the Dungeon
  3382 | D:5      | Found Osulanku's Magic Scroll Boutique.
  3401 | D:5      | Bought a scroll of identify for 28 gold pieces
  3401 | D:5      | Bought a scroll of teleportation for 42 gold pieces
  3528 | D:5      | Found a stormy altar of Qazlal.
  3713 | D:5      | HP: 3/67 [centaur (7)]
  3716 | D:5      | Reached skill level 5 in Unarmed Combat
  3756 | D:5      | Reached XP level 8. HP: 38/75 MP: 7/7
  4063 | D:6      | Found a staircase to the Ecumenical Temple.
  4069 | Temple   | Entered the Ecumenical Temple
  4091 | Temple   | Became a worshipper of Sif Muna the Loreminder
  4135 | D:6      | Found a sand-covered staircase.
  4142 | Ossuary  | Entered an ossuary
  4399 | D:6      | Reached * piety under Sif Muna
  4418 | D:6      | Found a hide-covered altar of Uskayaw.
  4969 | D:7      | Reached skill level 6 in Unarmed Combat
  5063 | D:7      | Noticed a hippogriff
  5069 | D:7      | Killed a hippogriff
  5158 | D:7      | Reached ** piety under Sif Muna
  5163 | D:7      | Reached XP level 9. HP: 65/84 MP: 8/8
  5282 | D:7      | Reached skill level 7 in Unarmed Combat
  5621 | D:8      | Found Tetuskon's Assorted Antiques.
  5624 | D:8      | Bought a glowing diamond amulet for 165 gold pieces
  5624 | D:8      | Bought a fizzy orange potion for 29 gold pieces
  5687 | D:8      | Noticed a troll
  5699 | D:8      | Killed a troll
  6230 | D:8      | Found a shadowy altar of Dithmenos.
  6242 | D:8      | Reached skill level 8 in Unarmed Combat
  6448 | D:9      | Found a snail-covered altar of Cheibriados.
  6545 | D:9      | Reached skill level 5 in Fighting
  6679 | D:9      | Found a bloodstained altar of Trog.
  6687 | D:9      | Found Loq Cegg's Changing Room.
  6790 | D:9      | Reached skill level 5 in Dodging
  6823 | D:9      | Reached skill level 5 in Shields
  6825 | D:9      | Reached XP level 10. HP: 31/96 MP: 9/9
  7010 | D:9      | Reached *** piety under Sif Muna
  7724 | D:9      | Found a blossoming altar of Fedhas.
  7777 | D:9      | Reached skill level 9 in Unarmed Combat
  7788 | D:9      | Noticed Pikel
  7810 | D:9      | Killed Pikel
  7840 | D:9      | Found an iron altar of Okawaru.
  7932 | D:9      | Noticed a two-headed ogre
  7943 | D:9      | Killed a two-headed ogre
  7951 | D:9      | Found a glowing golden altar of the Shining One.
  8145 | D:10     | Entered Level 10 of the Dungeon
  8716 | D:10     | Killed an unseen horror
  8716 | D:10     | Reached skill level 10 in Unarmed Combat
  8958 | D:10     | Noticed a two-headed ogre
  8967 | D:10     | Killed a two-headed ogre
  9272 | D:10     | Noticed a two-headed ogre
  9283 | D:10     | Killed a two-headed ogre
  9283 | D:10     | Reached XP level 11. HP: 55/105 MP: 10/10
  9691 | D:11     | Noticed Fannar
  9691 | D:11     | Noticed a two-headed ogre
  9789 | D:11     | Noticed Nergalle
  9797 | D:11     | Killed Nergalle
  9810 | D:11     | HP: 5/107 [troll (5)]
 10087 | D:11     | Noticed a death yak
 10248 | D:11     | Found a staircase to the Orcish Mines.
 10267 | D:11     | Reached skill level 11 in Unarmed Combat
 10408 | D:11     | Noticed a death yak
 10419 | D:11     | Reached **** piety under Sif Muna
 10427 | D:11     | Noticed a death yak
 10432 | D:11     | Killed a death yak
 10440 | D:11     | Killed a two-headed ogre
 10458 | D:11     | Killed a death yak
 10543 | D:11     | Killed a death yak
 10629 | D:11     | Found a staircase to the Lair.
 10679 | D:11     | Killed Fannar
 10799 | D:11     | Noticed a six-headed hydra
 10815 | Lair:1   | Entered Level 1 of the Lair of Beasts
 10883 | Lair:1   | Noticed Harold
 10901 | Lair:1   | Killed Harold
 10966 | Lair:1   | Reached skill level 12 in Unarmed Combat
 10966 | Lair:1   | Reached XP level 12. HP: 112/118 MP: 11/11
 11818 | Lair:2   | Found a snail-covered altar of Cheibriados.
 11819 | Lair:2   | Noticed Gastronok
 11850 | Lair:2   | Killed Gastronok
 12386 | Lair:2   | Found a staircase to the Swamp.
 12428 | Lair:2   | You fall into a shaft and drop 1 floor!
 12481 | Lair:3   | Reached ***** piety under Sif Muna
 12695 | Lair:3   | Found a staircase to the Snake Pit.
 12861 | Lair:3   | Identified Sif Muna's Reference Book on Helpful
                  | Contamination {god gift} (Sif Muna gifted it to you on
                  | level 3 of the Lair of Beasts)
 12861 | Lair:3   | Received a gift from Sif Muna
 12861 | Lair:3   | Reached skill level 13 in Unarmed Combat
 12886 | Lair:3   | Noticed a four-headed hydra
 13042 | D:9      | Bought a book of Changes for 350 gold pieces
 13047 | D:9      | Learned a level 4 spell: Ice Form
 13256 | Lair:3   | Noticed a four-headed hydra
 13402 | Lair:3   | Reached skill level 1 in Transmutations
 13402 | Lair:3   | Reached skill level 1 in Ice Magic
 13795 | Lair:4   | Noticed a death yak
 13795 | Lair:4   | Noticed a death yak
 13810 | Lair:4   | Noticed a death yak
 13810 | Lair:4   | Noticed a death yak
 13827 | Lair:4   | Killed a death yak
 13848 | Lair:4   | Killed a death yak
 13867 | Lair:4   | Killed a death yak
 13867 | Lair:4   | Reached XP level 13. HP: 41/127 MP: 12/12
 13993 | Lair:4   | Learned a level 2 spell: Sticks to Snakes
 14595 | Lair:5   | Noticed Sonja
 14629 | Lair:5   | Learned a level 4 spell: Animate Dead
 14743 | Lair:5   | Reached skill level 1 in Necromancy
 15306 | Lair:6   | Entered Level 6 of the Lair of Beasts
 15434 | Lair:6   | Identified Sif Muna's Compendium of the Supportive Rocks
                  | {god gift} (Sif Muna gifted it to you on level 6 of the
                  | Lair of Beasts)
 15434 | Lair:6   | Received a gift from Sif Muna
 15448 | Lair:6   | Killed Sonja
 15448 | Lair:6   | Reached skill level 1 in Spellcasting
 15877 | Lair:6   | Found a staircase to the Slime Pits.
 16146 | Lair:6   | Noticed Urug
 16178 | Lair:6   | Killed Urug
 16704 | Lair:6   | Reached skill level 5 in Ice Magic
 16971 | D:11     | Got a slimy hunting sling
 17283 | D:12     | Noticed Rupert
 17290 | D:12     | Paralysed by a hornet for 3 turns
 17387 | D:12     | Reached skill level 5 in Transmutations
 17477 | D:12     | HP: 7/152 [seven-headed hydra (11)]
 17514 | D:12     | Found a gate leading to a gauntlet.
 17519 | Gauntlet | Entered a Gauntlet
 17519 | Gauntlet | Found a large runed translucent door.
 17519 | Gauntlet | Found a large runed translucent door.
 17519 | Gauntlet | Found a large runed translucent door.
 17519 | Gauntlet | Found a large runed translucent door.
 17519 | Gauntlet | Found a large runed translucent door.
 17519 | Gauntlet | Found a large runed translucent door.
 17519 | Gauntlet | Found a runed translucent door.
 17519 | Gauntlet | Found a transporter.
 17519 | Gauntlet | Found a runed translucent door.
 17519 | Gauntlet | Found a large runed translucent door.
 17519 | Gauntlet | Found a large runed translucent door.
 17519 | Gauntlet | Found a large runed translucent door.
 17519 | Gauntlet | Found a large runed translucent door.
 17519 | Gauntlet | Found a large runed translucent door.
 17519 | Gauntlet | Found a large runed translucent door.
 17617 | Gauntlet | Found a large runed translucent door.
 17617 | Gauntlet | Found a large runed translucent door.
 17617 | Gauntlet | Found a large runed translucent door.
 17617 | Gauntlet | Found a large runed translucent door.
 17623 | Gauntlet | Found a runed translucent gate.
 17623 | Gauntlet | Found a runed translucent gate.
 17623 | Gauntlet | Found a transporter.
 17623 | Gauntlet | Found a runed translucent gate.
 17625 | Gauntlet | Found a transporter.
 17625 | Gauntlet | Found a transporter.
 17628 | Gauntlet | Found a transporter.
 17629 | Gauntlet | Found a transporter.
 17637 | Gauntlet | Found a transporter.
 17638 | Gauntlet | Noticed a green death
 17645 | Gauntlet | Found a transporter.
 17670 | Gauntlet | Identified the amulet "Beommuzo" {Reflect *Drain rC- Int+4
                  | Dex+7 SH+5}
 17704 | Gauntlet | Found a transporter.
 17716 | Gauntlet | Found a transporter.
 17720 | Gauntlet | Found a transporter.
 17732 | Gauntlet | Found a transporter.
 17828 | Gauntlet | Reached skill level 5 in Necromancy
 17914 | Gauntlet | Identified the cursed +1 hunting sling of Okawaru's Wrath
                  | {freeze, Str+2 Int+7} (You found it on level 11 of the
                  | Dungeon)
 17946 | Gauntlet | Identified the Almanac of the Freezing Birds
 17952 | Gauntlet | Got a twitching garnet amulet
 17963 | Gauntlet | Identified the amulet "Caymepag" {Inacc rC+ Int-3 Dex+2}
                  | (You found it in a Gauntlet)
 17977 | Gauntlet | Noticed a minotaur
 17995 | Gauntlet | Killed a minotaur
 17995 | Gauntlet | Reached XP level 14. HP: 73/136 MP: 11/16
 18285 | D:12     | Paralysed by a hornet for 2 turns
 18305 | D:12     | Killed Rupert
 18419 | D:12     | Found a portal to a secret trove of treasure.
 18978 | Orc:1    | Entered Level 1 of the Orcish Mines
 19006 | Orc:1    | Identified Kaefuwex's Almanac of the Entourage {god gift}
                  | (Sif Muna gifted it to you on level 1 of the Orcish Mines)
 19006 | Orc:1    | Received a gift from Sif Muna
 19230 | Orc:2    | Entered Level 2 of the Orcish Mines
 19611 | Orc:2    | Reached skill level 1 in Invocations
 20388 | Orc:2    | Found Xuuqopho's General Store.
 20391 | Orc:2    | Found Yhaetamp's General Store.
 20392 | Orc:2    | Found Sis Fawa's Jewellery Emporium.
 20393 | Orc:2    | Found Weg Impe's Antique Armour Shoppe.
 20694 | Orc:2    | Found a staircase to the Elven Halls.
 20863 | Orc:1    | Identified Sif Muna's Handbook of Lucky Bewitchment {god
                  | gift} (Sif Muna gifted it to you on level 1 of the Orcish
                  | Mines)
 20863 | Orc:1    | Received a gift from Sif Muna
 21417 | D:13     | Noticed an ironheart preserver
 21418 | D:13     | Found a gate to the Vaults.
 21436 | D:13     | Killed an ironheart preserver
 21811 | D:13     | Reached skill level 14 in Unarmed Combat
 21899 | D:13     | Reached XP level 15. HP: 131/145 MP: 18/18
 22718 | D:14     | Found Higenel's Assorted Antiques.
 22751 | D:14     | Noticed Frances
 22766 | D:14     | HP: 5/146 [ynoxinul/iron shot[Frances] (19)]
 22766 | D:14     | Slain by Frances

Illustrated notes

Levels and vault maps discovered:
D:1:      erik_arrival_cave_to_civilisation [erik_arrival_cave_to_hall],
          layout_basic, serial_forest, infiniplex_forest_clump_small,
          infiniplex_forest_straight_4, infiniplex_forest_straight_3,
          infiniplex_forest_clump_curved, infiniplex_forest_straight_3,
          infiniplex_forest_split
D:2:      layout_loops_ring, evilmike_ruin_ashenzari, lemuel_round_altar,
          kennysheep_doodads, uniq_robin, uniq_natasha
D:3:      layout_loops_corners, zin_purify
D:4:      layout_rooms, lemuel_crystal_altar, uniq_edmund
D:5:      layout_gridville, lemuel_crystal_altar, serial_shops, shop_scrolls,
          first_ration, minmay_misc_feat_encased
D:6:      layout_loops_cross, nicolae_overflow_crystal_walls,
          minmay_temple_entry_purple_smoke, chequers_ossuary_entry_cave,
          minivault_5
D:7:      layout_rooms
D:8:      layout_cave_pods, nicolae_overflow_hidden_temple, serial_shops,
          kennysheep_mini, grunt_pizzeria
D:9:      layout_loops_ring, marbit_many_paths, okawaru_ov_weapons_minmay,
          lemuel_crystal_altar, lemuel_doored_altar, kennysheep_little_box,
          nicolae_transmutations_shop, uniq_pikel
D:10:     layout_stronghold
D:11:     layout_roguey, dpeg_lair_monsters, orc_0_dummy, uniq_fannar,
          uniq_nergalle
D:12:     layout_basic, gauntlet_entry_generic, enter_trove_5, uniq_rupert
D:13:     layout_loops_cross, skrybe_vaults_entry_preservation, serial_ice,
          serial_ice_m, serial_ice_d, serial_ice_n, serial_ice_c
D:14:     layout_cave_pools, hangedman_decor_peaks_small, serial_shops, shop,
          kennysheep_path_1, minivault_24, roderic_roman_lattice,
          minmay_librarian, uniq_frances
Temple:   dpeg_chambers_temple
Lair:1:   layout_loops_ring, infiniplex_staircase_pool, uniq_harold
Lair:2:   layout_loops_ring, nicolae_swamp_entry_splash_gauntlet, basic_altar,
          chequers_serial_rivers_micro_b, grunt_megastairs_2, uniq_gastronok
Lair:3:   layout_cellular_growth, minmay_snake_entry_guardpost_small,
          special_room [special_room_bee]
Lair:4:   layout_big_grid
Lair:5:   layout_hall_layers, serial_forest, infiniplex_forest_lined_2,
          infiniplex_forest_zigzag_2, infiniplex_forest_lined_room_3,
          infiniplex_forest_zigzag_1, infiniplex_forest_lined_room_,
          infiniplex_forest_corner_2, infiniplex_forest_end_3,
          infiniplex_forest_lined_room_, infiniplex_forest_side_room,
          infiniplex_forest_end_2, uniq_sonja
Lair:6:   evilmike_catoblepas_cave, layout_long_grid, slime_dummy, uniq_urug
Orc:1:    layout_diamond_mine
Orc:2:    st_orc_pillars, layout_caves

Skill      XL: |  1  2  3  4  5  6  7  8  9 10 11 12 13 14 15 |
---------------+----------------------------------------------+-----
Dodging        | 1 2 3 4 5 6 7 8 9 |  9.0
Unarmed Combat | 1 2 3 4 5 6 8 10 12 13 14 | 14.0
Throwing       | 2 3 4 |  4.2
Fighting       | 2 3 4 5 6 7 8 9 |  9.0
Shields        | 1 2 3 5 6 7 8 |  8.9
Transmutations | 3 5 6 |  6.0
Ice Magic      | 3 5 6 |  6.0
Necromancy     | 5 |  5.0
Spellcasting   | 2 3 |  3.0
Invocations    | 3 4 |  4.1
Short Blades   | |  1.5
Stealth        | |  2.2

Action                   |  1- 3 |  4- 6 |  7- 9 | 10-12 | 13-15 || total
-------------------------+-------+-------+-------+-------+-------++-------
Melee: Unarmed           |    81 |   223 |   385 |   749 |  1207 ||  2645
Throw: Dart              |    15 |     9 |     1 |     5 |       ||    30
 Cast: Sticks to Snakes  |       |       |       |       |    14 ||    14
       Ice Form          |       |       |       |       |    10 ||    10
       Animate Dead      |       |       |       |       |     5 ||     5
Evoke: Wand              |       |       |       |     3 |     8 ||    11
       Staff of energy   |       |       |       |       |     1 ||     1
  Use: Potion            |       |       |     2 |     4 |     4 ||    10
       Scroll            |       |       |    18 |     8 |    11 ||    37
 Stab: Sleeping          |     5 |     4 |     7 |     2 |     1 ||    19
       Invisible         |       |       |       |     7 |       ||     7
  Eat: Ration            |     1 |     2 |     4 |     9 |    10 ||    26
Armor: Robe              |    32 |    99 |    88 |    52 |       ||   271
       Skin              |       |       |    15 |       |    11 ||    26
       Troll leather arm |       |       |       |   118 |   220 ||   338
Dodge: Dodged            |    21 |    74 |    95 |   241 |   340 ||   771
Block: Kite shield       |    23 |    91 |   182 |   575 |   742 ||  1613
       Reflection        |       |       |     5 |    10 |    27 ||    42
       Other             |       |       |       |       |    21 ||    21

Table legend:
 A = Non-vault XP
 B = Vault XP
 C = Vault XP percentage of total XP
 D = Non-vault monster count
 E = Vault monster count
 F = Vault count percentage of total count
                 A         B        C        D         E       F
            +---------+---------+-------+---------+---------+-------
      Total |   74515 |   36655 |  33.0 |     454 |     162 |  26.3
            +---------+---------+-------+---------+---------+-------
        D:1 |      32 |       0 |   0.0 |      18 |       0 |   0.0
        D:2 |     162 |      69 |  29.9 |      29 |      12 |  29.3
        D:3 |      72 |       0 |   0.0 |      17 |       0 |   0.0
        D:4 |     427 |     154 |  26.5 |      19 |       1 |   5.0
        D:5 |     558 |       0 |   0.0 |      21 |       0 |   0.0
        D:6 |     306 |       0 |   0.0 |       7 |       0 |   0.0
        D:7 |    1233 |       0 |   0.0 |      21 |       0 |   0.0
        D:8 |    1007 |     196 |  16.3 |      15 |       1 |   6.2
        D:9 |    2005 |    1573 |  44.0 |      26 |       2 |   7.1
       D:10 |    3403 |       0 |   0.0 |      22 |       0 |   0.0
       D:11 |    5683 |    4883 |  46.2 |      36 |      13 |  26.5
       D:12 |    5979 |    3864 |  39.3 |      27 |       2 |   6.9
       D:13 |   15621 |    3488 |  18.3 |      38 |       9 |  19.1
       D:14 |    3016 |       0 |   0.0 |       8 |       0 |   0.0
     Lair:1 |     889 |    1007 |  53.1 |       5 |       1 |  16.7
     Lair:2 |    5550 |    2775 |  33.3 |      27 |       4 |  12.9
     Lair:3 |    1801 |    2010 |  52.7 |       7 |      23 |  76.7
     Lair:4 |    6221 |       0 |   0.0 |      20 |       0 |   0.0
     Lair:5 |    4696 |       0 |   0.0 |      18 |       0 |   0.0
     Lair:6 |   11408 |    2152 |  15.9 |      28 |       3 |   9.7
      Orc:1 |    3551 |       0 |   0.0 |      29 |       0 |   0.0
      Orc:2 |     895 |   11352 |  92.7 |      16 |      60 |  78.9
    Ossuary |       0 |      84 | 100.0 |       0 |      21 | 100.0
   Gauntlet |       0 |    3048 | 100.0 |       0 |      10 | 100.0
            +---------+---------+-------+---------+---------+-------
